 Dungeon Crawl Stone Soup version 0.30.0-15-g856e2d3f33 (console) character file.

Game seed: 15799185552631827181

1625 Mandevil the Fighter (level 8, -1/92 HPs)
             Began as an Ogre Fighter on May 18, 2023.
             Was an Initiate of Cheibriados.
             Engulfed by a cloud of steam (10 damage)
             ... on level 6 of the Dungeon.
             The game lasted 00:09:33 (7448 turns).

Mandevil the Fighter (Ogre Fighter)                 Turns: 7448, Time: 00:09:34

Health: -1/92      AC:  3    Str: 30    XL:     8   Next: 97%
Magic:  8/8        EV:  9    Int: 10    God:    Cheibriados [......]
Gold:   340        SH:  7    Dex:  9    Spells: 7/7 levels left

rFire   . . .        a - +0 flail
rCold   . . .        c - +0 kite shield
rNeg    . . .        t - +0 robe
rPois   .            (helmet restricted)
rElec   .            (no cloak)
rCorr   .            (gloves unavailable)
SInv    .            (boots unavailable)
Will    .....        (no amulet)
Stlth   +            k - +6 ring of strength
HPRegen 0.35/turn    (no ring)
MPRegen 0.11/turn

%: no passive effects
@: very slow
A: large, unfitting armour, tough skin 1
a: Renounce Religion


You were on level 6 of the Dungeon.
You worshipped Cheibriados.
Cheibriados was noncommittal.
You visited 2 branches of the dungeon, and saw 7 of its levels.

You collected 340 gold pieces.

Inventory:

Hand Weapons
 a - a +0 flail (weapon)
 b - a +0 giant spiked club
Missiles
 h - 6 atropa-tipped darts
 o - 2 poisoned darts
 r - 2 boomerangs
 s - 48 stones (quivered)
Armour
 c - a +0 kite shield (worn)
 t - a +0 robe (worn)
Jewellery
 k - a +6 ring of strength (left hand)
Wands
 q - a wand of mindburst (6)
Scrolls
 d - 2 scrolls of teleportation
 e - a scroll of poison
Potions
 f - 2 potions of ambrosia
 g - a potion of magic
 i - a potion of attraction
 j - 6 potions of mutation
 l - a potion of haste
 m - a potion of invisibility {unknown}
 n - a potion of lignification {unknown}
 p - 3 potions of curing


   Skills:
 + Level 9.5 Fighting
 + Level 6.3 Maces & Flails
 + Level 5.4 Throwing
 - Level 2.6 Dodging
 - Level 3.0 Shields
 + Level 0.8 Invocations


You had 7 spell levels left.
You didn't know any spells.
Your spell library contained the following spells:

 Spells                   Type           Power      Damage    Failure   Level
 Lesser Beckoning         Tloc           0%         N/A       73%         2
 Gell's Gravitas          Tloc           0%         N/A       91%         3
 Teleport Other           Tloc           0%         N/A       91%         3


Dungeon Overview and Level Annotations

Branches:
Dungeon (6/15)             Temple (1/1) D:6

Altars:
Ashenzari
Cheibriados
Dithmenos
Elyvilon
Gozag
Hepliaklqana
Makhleb
Nemelex Xobeh
Okawaru
Qazlal
Ru
Sif Muna
Trog
Uskayaw
Vehumet
Xom
Yredelemnul
Zin
The Shining One

Shops:
D:5 [

Annotations:
D:4 1 runed translucent door, Dwachs's ghost, amateur DjFE
D:5 1 runed translucent door, Sai's ghost, amateur DsGl


Innate Abilities, Weirdness & Mutations

You are too large for most types of armour.
You have tough skin. (AC +1)


Message History

The steam dragon breathes steam at you. The ball of steam hits you!!
No target in view!
No target in view!
No target in view!
No target in view!
You are engulfed in a cloud of scalding steam.
You are engulfed in a cloud of scalding steam.
The steam dragon closely misses you. The steam dragon barely misses you.
You barely miss the steam dragon. The steam dragon breathes steam at you.
The ball of steam hits you.
Unknown command.
You hit the steam dragon.
The steam dragon is lightly wounded.
You are engulfed in a cloud of scalding steam.
The steam dragon bites you. The steam dragon claws you.
You sock the steam dragon!
The steam dragon is moderately wounded.
You are engulfed in a cloud of scalding steam.
The steam dragon bites you. The steam dragon barely misses you.
Unknown command.
You thump the steam dragon!
The steam dragon is almost dead.
You are engulfed in a cloud of scalding steam.
* * * LOW HITPOINT WARNING * * *
The steam dragon bites you.
* * * LOW HITPOINT WARNING * * *
The steam dragon barely misses you.
You hit the steam dragon.
The steam dragon is almost dead.
The steam dragon breathes steam at you. The ball of steam hits you!
* * * LOW HITPOINT WARNING * * *
The steam dragon barely misses you. You block the steam dragon's attack.
You thump the steam dragon!
You kill the steam dragon!
Cheibriados appreciates the change of pace.
You are engulfed in a cloud of scalding steam.
You die...

#....#...'..#..........
#....#.%##..####.####..
#....#..##..####[####..
#########...#..#.....#....'...
#...<..##...#..#..........#<..
#.......#...#0.#......#...##.>
#.......#..##0#######.#..#####
#.<....#...##0# ...#####'#
########...##O# #.....##
#.#'##%# #.###.# #....#.#
##.#.).# #....#.. #....###
#....#.. ###....# #...###+#
#...#.## ##..##..###.###.#
##..##...##.....#
#...#.....'#####...


There were no monsters in sight!

Vanquished Creatures
  Grinder (D:3)
  A steam dragon (D:6)
  A black bear (D:5)
  An ice beast (D:5)
  A sky beast (D:6)
  3 ogres
  2 centaurs (D:5)
  A howler monkey (D:6)
  A gnoll bouda (D:4)
  3 orc priests
  A hound (D:4)
  2 sleepcaps (D:5)
  Jessica (D:2)
  4 iguanas
  2 orc wizards (D:5)
  A mummy (D:5)
  Robin (D:2)
  6 gnolls
  10 adders
  A shadow imp (D:5)
  2 ufetubi
  A worm (D:3)
  A dart slug (D:3)
  18 orcs
  3 bats
  11 endoplasms
  5 giant cockroaches
  22 goblins
  6 hobgoblins
  4 jackals (D:2)
  8 kobolds
  3 quokkas (D:1)
  8 ball pythons
  4 frilled lizards
  A goblin zombie (D:5)
  A kobold zombie (D:5)
  5 rats
147 creatures vanquished.

Notes
Turn   | Place    | Note
-------+----------+-------------------------------------------
     0 | D:1      | Mandevil the Ogre Fighter began the quest for the Orb.
     0 | D:1      | Reached XP level 1. HP: 24/24 MP: 1/1
    49 | D:1      | Reached XP level 2. HP: 10/33 MP: 2/2
   621 | D:1      | Reached XP level 3. HP: 41/41 MP: 3/3
   854 | D:1      | Reached skill level 5 in Fighting
  1185 | D:2      | Noticed Robin
  1435 | D:2      | Killed Robin
  1436 | D:2      | Reached XP level 4. HP: 34/50 MP: 4/4
  1968 | D:2      | Reached XP level 5. HP: 53/59 MP: 5/5
  2044 | D:2      | Reached skill level 6 in Fighting
  2269 | D:2      | Noticed Jessica
  2278 | D:2      | Killed Jessica
  2661 | D:3      | Noticed Grinder
  2671 | D:3      | Paralysed by Grinder for 3 turns
  2686 | D:3      | Killed Grinder
  2687 | D:3      | Reached XP level 6. HP: 52/68 MP: 6/6
  2699 | D:3      | Reached skill level 7 in Fighting
  2894 | D:3      | Found a faded altar of an unknown god.
  2949 | D:3      | Reached XP level 7. HP: 48/78 MP: 7/7
  3714 | D:4      | Noticed Dwachs's ghost (amateur DjFE)
  3717 | D:4      | Found a runed translucent door.
  4589 | D:5      | Entered Level 5 of the Dungeon
  4590 | D:5      | Found Caac Gick's Armour Emporium.
  5138 | D:5      | Reached skill level 5 in Maces & Flails
  5148 | D:5      | Reached skill level 8 in Fighting
  5151 | D:5      | Reached XP level 8. HP: 35/88 MP: 8/8
  6198 | D:5      | Found a runed translucent door.
  6198 | D:5      | Noticed Sai's ghost (amateur DsGl)
  6270 | D:5      | Identified the +5 leather armour "Pefafout" {rElec Int+3
                  | SInv}
  6594 | D:5      | Reached skill level 9 in Fighting
  6936 | D:6      | Reached skill level 5 in Throwing
  7287 | D:6      | Found a staircase to the Ecumenical Temple.
  7292 | Temple   | Entered the Ecumenical Temple
  7376 | Temple   | Became a worshipper of Cheibriados the Contemplative
  7448 | D:6      | Engulfed by a cloud of steam

Illustrated notes

Levels and vault maps discovered:
D:1:      nicolae_arrival_washed_ashore, layout_loops_corners, st_stairs_1
D:2:      layout_basic, uniq_jessica, uniq_robin
D:3:      layout_rooms, hellmonk_ecumenical_altar_lost_god, minmay_hedge_maze,
          uniq_grinder
D:4:      layout_gridville, serial_glass, glass_columns_c, glass_columns_c,
          hellmonk_ghost_happy_afterlife
D:5:      layout_basic, serial_shops, nicolae_shop_scrapyard,
          gammafunk_ghost_grave, nicolae_ossuary_entry_giza
D:6:      layout_gridville, mainiacjoe_overflow_swirl, temple_doors_e,
          minmay_increasing_density
Temple:   nicolae_temple_bog_church

Skill      XL: |  1  2  3  4  5  6  7  8 |
---------------+-------------------------+-----
Maces & Flails | 2 3 4 5 6 |  6.3
Fighting       | 5 6 7 8 9 |  9.5
Throwing       | 2 4 5 |  5.4
Dodging        | |  2.6
Shields        | |  3.0
Invocations    | |  0.8

Action                     |  1- 3 |  4- 6 |  7- 9 || total
---------------------------+-------+-------+-------++-------
  Melee: Flail             |   117 |   126 |   265 ||   508
  Throw: Stone             |       |     6 |    14 ||    20
    Use: Scroll            |     1 |       |     9 ||    10
         Potion            |       |     1 |     1 ||     2
 Armour: Robe              |    37 |    46 |    45 ||   128
  Dodge: Dodged            |    47 |    45 |   108 ||   200
  Block: Kite shield       |    56 |    61 |   103 ||   220
